Map: Ever Dream LE

Players

Serral - Winner!

  • Race: Zerg Zerg
  • Spawn Location: 1:00

INnoVation

  • Race: Terran Terran
  • Spawn Location: 7:00

Event: DreamHack SC2 Masters 2020 Fall

VOD

Have the link to the VOD?

Description

Time

  • Played on: Sept. 18, 2020, 11:22 a.m.
  • Length: 16:43

All games in this series

Show
View Real Time Build Order
Export as new Build Order

Serral Zerg - Winner!

Build Orders: Hatch First, Muta Ling Bane 

Get SALT Encoding   

  12  0:00  Drone  
  13  0:12  Overlord  
  13  0:17  Drone  
  14  0:31  Drone x2  
  16  0:47  Hatchery  
  15  0:51  Drone  
  15  0:55  Drone  
  17  0:58  Drone  
  18  1:09  Extractor  
  17  1:13  Spawning Pool  
  17  1:16  Drone  
  17  1:19  Drone  
  18  1:28  Drone  
  19  1:38  Drone  
  20  1:49  Overlord  
  20  1:59  Queen x2  
  20  2:00  Zergling x2  
  20  2:01  Zergling x2  
  26  2:11  Drone x2  
  26  2:12  Metabolic Boost  
  28  2:21  Drone  
  28  2:22  Drone  
  30  2:31  Spore Crawler  
  29  2:39  Hatchery  
  29  2:41  Drone  
  29  2:44  Drone  
  31  2:48  Queen  
  33  2:52  Overlord  
  33  2:54  Drone  
  33  2:57  Drone  
  35  2:59  Drone  
  36  3:11  Drone x2  
  38  3:15  Overlord, Drone x2  
  38  3:17  Drone  
  41  3:23  Queen  
  41  3:25  Drone  
  44  3:30  Overlord  
  44  3:35  Overlord  
  44  3:39  Zergling x2  
  45  3:44  Zergling x2  
  45  3:45  Drone x2  
  45  3:48  Drone  
  49  3:50  Drone  
  49  3:51  Queen  
  49  3:52  Lair  
  52  3:56  Drone, Extractor  
  52  3:58  Zergling x2  
  52  3:59  Drone x3  
  56  4:04  Queen  
  56  4:06  Drone  
  56  4:09  Overlord  
  60  4:17  Zergling x2  
  60  4:18  Drone x3  
  60  4:19  Baneling Nest  
  60  4:22  Extractor  
  61  4:26  Zergling x2  
  61  4:27  Drone x4  
  61  4:30  Queen  
  68  4:36  Overlord  
  68  4:37  Zergling x2  
  69  4:38  Drone x2  
  69  4:41  Drone x2  
  73  4:52  Evolution Chamber  
  73  4:58  Zergling x4  
  73  4:59  Drone x7  
  76  5:00  Drone x2  
  76  5:03  Extractor  
  73  5:10  Spire  
  73  5:12  Spore Crawler  
  73  5:13  Spore Crawler  
  68  5:15  Zergling x4  
  68  5:17  Drone  
  71  5:22  Drone x3  
  71  5:25  Centrifical Hooks  
  74  5:30  Spore Crawler, Drone  
  74  5:31  Drone  
  74  5:33  Drone  
  76  5:40  Drone x3  
  79  5:43  Drone x2  
  79  5:45  Drone  
  79  5:48  Extractor x2  
  80  5:51  Drone  
  78  5:57  Drone x2  
  78  5:58  Drone x2  
  78  6:03  Overlord  
  82  6:09  Overlord  
  82  6:15  Overlord, Drone x2  
  82  6:18  Overlord  
  82  6:22  Drone  
  82  6:23  Drone  
  84  6:27  Mutalisk x4  
  84  6:28  Mutalisk x2  
  84  6:31  Mutalisk  
  98  6:33  Mutalisk  
  99  6:41  Drone  
  99  6:46  Zerg Flyer Weapons Level 1  
  101  6:47  Zergling x4  
  101  6:48  Hatchery  
  101  6:50  Drone x2  
  101  6:53  Evolution Chamber  
  101  6:54  Evolution Chamber  
  101  6:56  Baneling x7  
  101  6:57  Baneling  
  101  7:00  Drone  
  102  7:05  Pneumatized Carapace  
  102  7:06  Overlord  
  102  7:07  Mutalisk x2  
  106  7:11  Overlord  
  106  7:14  Mutalisk  
  110  7:19  Drone  
  110  7:20  Drone x4  
  113  7:26  Zerg Melee Weapons Level 1, Zerg Ground Armor Level 1  
  113  7:30  Overlord  
  113  7:31  Unknown  
  113  7:32  Drone x6  
  113  7:35  Mutalisk  
  113  7:37  Mutalisk  
  118  7:41  Drone x3  
  123  7:46  Mutalisk  
  123  7:48  Overlord  
  123  7:49  Zergling x8  
  129  7:51  Overlord  
  129  7:53  Overlord  
  129  8:00  Queen  
  129  8:01  Mutalisk x2  
  129  8:04  Drone  
  136  8:06  Zergling x8  
  140  8:16  Mutalisk x3  
  140  8:17  Mutalisk  
  140  8:19  Zergling x10  
  153  8:28  Overlord  
  153  8:30  Hatchery  
  153  8:31  Zergling x6  
  153  8:33  Baneling x2  
  153  8:34  Baneling x3  
  155  8:35  Overseer  
  155  8:39  Drone x3  
  155  8:40  Overseer  
  158  8:42  Overlord  
  158  8:43  Mutalisk x3  
  158  8:45  Overlord  
  164  8:51  Zerg Flyer Weapons Level 2  
  164  8:52  Zergling x12  
  164  8:55  Baneling x5  
  170  8:56  Zergling x4  
  172  9:05  Overlord  
  172  9:06  Infestation Pit  
  172  9:08  Zergling x18  
  180  9:17  Overlord  
  180  9:20  Zerg Ground Armor Level 2, Zerg Melee Weapons Level 2  
  180  9:28  Zergling x22  
  191  9:31  Baneling x2  
  190  9:40  Baneling x15  
  190  9:43  Zergling x4  
  190  9:44  Zergling x16  
  198  9:47  Hive  
  198  9:51  Drone x4  
  194  9:55  Baneling x4  
  194  10:02  Mutalisk x2  
  194  10:04  Zergling x2  
  197  10:12  Zergling x30  
  192  10:19  Queen  
  192  10:28  Zergling x14  
  189  10:29  Baneling  
  189  10:30  Overseer, Baneling x5  
  189  10:34  Baneling x6  
  189  10:35  Zergling x16  
  190  10:38  Baneling x2  
  190  10:45  Zergling x10  
  190  10:48  Baneling x8  
  195  10:54  Zergling x10  
  195  10:56  Baneling x5  
  186  11:08  Zergling x2  
  186  11:09  Zergling x34  
  182  11:14  Zergling x2  
  168  11:20  Queen x2  
  168  11:22  Mutalisk x4  
  168  11:24  Queen x3  
  163  11:30  Baneling  
  163  11:31  Baneling x10  
  163  11:33  Baneling x4  
  163  11:42  Baneling x8  
  163  11:43  Zergling x10  
  168  11:50  Hatchery  
  167  11:54  Baneling x4  
  167  11:56  Zergling x24, Queen  
  180  12:10  Baneling x14  
  180  12:13  Zergling x10  
  180  12:14  Zergling x20  
  194  12:17  Overseer, Baneling x6  
  193  12:27  Zergling x22  
  193  12:29  Baneling  
  194  12:37  Zergling x14  
  194  12:40  Overseer  
  194  12:43  Baneling x11  
  191  12:46  Zergling x16  
  191  12:51  Zerg Ground Armor Level 3  
  186  12:52  Zerg Flyer Armor Level 1  
  186  12:55  Zergling x12  
  186  12:58  Baneling x7  
  186  12:59  Baneling x2  
  186  13:00  Overlord  
  186  13:05  Overlord  
  186  13:14  Mutalisk x4  
  186  13:16  Drone  
  186  13:18  Zerg Melee Weapons Level 3, Adrenal Glands  
  195  13:24  Baneling x11  
  195  13:34  Zergling x14  
  200  13:38  Overseer, Baneling x2  
  194  13:43  Overseer  
  194  13:44  Zergling x10  
  197  13:54  Zergling x14  
  192  14:04  Zergling x16  
  192  14:21  Zergling x42  
  197  14:33  Zergling x6  
  197  14:36  Overseer x2  
  200  14:40  Ultralisk Cavern  
  199  14:47  Baneling  
  199  14:48  Baneling x31  
  199  14:49  Baneling x8  
  195  14:56  Zergling x32  
  181  15:08  Zergling x18  
  181  15:09  Zergling x14  
  181  15:10  Hatchery  
  187  15:16  Spore Crawler  
  187  15:18  Overlord  
  187  15:20  Overlord  
  186  15:23  Baneling x7  
  186  15:32  Baneling x2  
  185  15:40  Ultralisk  
  185  15:50  Baneling x7  
  185  15:51  Baneling x2  
  185  15:54  Zergling x10, Ultralisk, Hatchery  
  169  15:58  Zergling x8  
  171  16:14  Baneling  
  171  16:15  Baneling x3  
  163  16:21  Zergling x8  
Show
View Real Time Build Order
Export as new Build Order

INnoVation Terran 

Build Orders: Hellion Opening, Reaper Expand 

Get SALT Encoding   

  12  0:00  SCV  
  13  0:12  SCV  
  14  0:17  Supply Depot  
  14  0:24  SCV  
  15  0:38  SCV  
  15  0:39  Barracks  
  16  0:43  Refinery  
  16  0:50  SCV  
  17  1:02  SCV  
  18  1:14  SCV  
  19  1:27  Reaper, Orbital Command  
  20  1:38  Command Center  
  20  1:49  Supply Depot  
  20  1:52  SCV  
  21  1:59  Marine  
  22  2:04  SCV  
  22  2:07  Factory  
  23  2:17  SCV  
  23  2:18  Refinery  
  23  2:22  Barracks Reactor  
  24  2:29  SCV  
  25  2:41  SCV  
  25  2:50  Orbital Command  
  25  2:53  SCV  
  25  2:54  Starport  
  26  3:02  Hellion x2  
  26  3:05  SCV, Barracks Tech Lab  
  31  3:16  SCV  
  31  3:17  SCV  
  33  3:23  Hellion x2, Supply Depot  
  37  3:28  SCV  
  37  3:29  SCV  
  37  3:33  Fusion Core  
  39  3:34  Marine  
  40  3:41  SCV  
  40  3:42  SCV  
  40  3:45  Hellion x2  
  46  3:48  Supply Depot  
  46  3:54  SCV x2  
  48  4:06  SCV x2  
  48  4:07  Hellion x2  
  54  4:14  Command Center  
  54  4:18  SCV x2  
  56  4:26  Supply Depot  
  56  4:33  Battlecruiser  
  56  4:37  Barracks Tech Lab  
  62  4:45  SCV x2  
  62  4:46  Factory Reactor  
  62  4:55  Barracks  
  62  4:57  SCV x2  
  62  4:58  Marine  
  61  5:07  Barracks  
  61  5:09  SCV x2  
  61  5:11  Refinery  
  61  5:12  Refinery  
  61  5:13  Engineering Bay x2  
  59  5:14  Stimpack  
  59  5:21  SCV x2  
  61  5:27  Orbital Command  
  61  5:29  Factory Reactor, Barracks  
  61  5:33  SCV x2  
  63  5:36  Barracks  
  63  5:37  Marine  
  63  5:42  Terran Infantry Weapons Level 1  
  64  5:45  SCV x2, Marine x2  
  64  5:47  Starport Reactor  
  68  5:52  Supply Depot  
  68  5:55  Orbital Command  
  68  5:57  SCV x2  
  68  5:59  Marine  
  68  6:03  Marine x2  
  73  6:07  Supply Depot, Widow Mine x2  
  73  6:09  SCV x2  
  79  6:16  Marine  
  79  6:17  Barracks Reactor  
  80  6:21  SCV x2  
  80  6:23  SCV  
  80  6:24  Barracks Reactor, Marine x4  
  87  6:26  Medivac x2  
  91  6:33  SCV x2, Supply Depot  
  91  6:34  Marine, Terran Infantry Armor Level 1  
  91  6:35  SCV  
  91  6:36  Supply Depot  
  91  6:37  Armory  
  95  6:40  Refinery  
  95  6:42  Refinery  
  95  6:46  SCV x2  
  97  6:47  SCV  
  97  6:49  Missile Turret, Factory  
  97  6:53  Missile Turret x2  
  98  6:55  Widow Mine  
  98  6:56  Widow Mine  
  98  6:58  SCV x2  
  98  6:59  SCV  
  98  7:00  Supply Depot  
  105  7:07  Medivac x2  
  109  7:10  SCV x2  
  109  7:11  SCV  
  109  7:12  Supply Depot  
  111  7:19  Command Center  
  111  7:22  SCV x2  
  113  7:23  SCV  
  113  7:24  Widow Mine x2  
  118  7:30  Marine x7  
  118  7:33  Marine x2  
  118  7:34  Drilling Claws  
  127  7:43  Terran Infantry Weapons Level 2  
  127  7:45  Barracks  
  127  7:46  Barracks  
  127  7:47  Barracks  
  127  7:52  Thor  
  127  7:57  Supply Depot  
  133  8:02  Concussive Shells, Marine  
  133  8:03  Supply Depot  
  133  8:09  Marine  
  133  8:18  Medivac, Marine x2  
  133  8:19  Widow Mine x2  
  141  8:24  Medivac  
  141  8:25  Supply Depot, Marauder, Marine  
  141  8:26  Supply Depot, Marine x3  
  141  8:27  Supply Depot  
  149  8:30  Marine x2  
  151  8:35  Thor, Barracks Tech Lab x3  
  157  8:44  Combat Shield  
  157  8:46  Marauder, Widow Mine x2  
  163  8:51  Medivac  
  163  8:52  Supply Depot  
  163  8:53  Marine x7  
  163  8:54  Medivac  
  174  8:57  Planetary Fortress  
  174  9:02  Missile Turret  
  174  9:08  Supply Depot, Marauder  
  174  9:09  Supply Depot  
  176  9:11  Supply Depot  
  176  9:12  Marauder x2  
  176  9:13  Marine x2  
  176  9:15  Marine x3  
  183  9:22  Widow Mine  
  183  9:23  Widow Mine  
  187  9:24  Supply Depot x2  
  187  9:27  Medivac  
  187  9:30  Medivac  
  189  9:34  Marauder x3, Marine x3  
  198  9:46  Widow Mine  
  198  9:50  Marine x4  
  200  10:05  Terran Infantry Armor Level 2  
  200  10:06  Terran Infantry Weapons Level 3  
  200  10:10  Marauder  
  200  10:11  Marauder  
  200  10:12  Medivac x2  
  200  10:13  Marine x10  
  192  10:29  Thor  
  192  10:30  Marine  
  192  10:31  Marauder, Marine x5  
  200  10:39  Command Center  
  189  11:07  Medivac  
  189  11:08  Marauder  
  189  11:09  Marauder x3, Widow Mine  
  185  11:11  Thor  
  185  11:13  Medivac  
  185  11:14  Marine x8  
  180  11:25  Widow Mine  
  155  11:29  Marine x3  
  155  11:30  Marauder  
  155  11:31  Widow Mine, Marine  
  155  11:32  Marine x7  
  166  11:37  Liberator  
  163  11:43  Liberator  
  163  11:47  Widow Mine  
  168  11:48  Marauder x3  
  168  11:49  Marine  
  168  11:50  Terran Vehicle And Ship Armor Level 1, Marine x7  
  168  11:51  Marine  
  185  11:54  Widow Mine, Thor  
  191  12:07  Marine x7  
  191  12:08  Widow Mine  
  200  12:14  Marauder, Marine  
  200  12:27  Medivac x2, Widow Mine, Marine  
  200  12:29  Widow Mine  
  198  12:30  Marine  
  191  12:37  Thor  
  191  12:41  Marauder x4  
  191  12:43  Marine x6  
  177  12:55  Widow Mine x2  
  177  12:58  SCV x4  
  168  12:59  Planetary Fortress  
  168  13:04  Medivac x2  
  160  13:06  Marauder x3, Marine x2  
  160  13:10  SCV x3  
  172  13:12  SCV  
  172  13:19  Widow Mine x2  
  176  13:20  Thor  
  176  13:22  SCV x3  
  176  13:25  SCV  
  184  13:37  Marauder x2, Marine  
  184  13:39  SCV  
  184  13:40  Widow Mine x2  
  184  13:41  Marine x2  
  190  13:44  Marauder, Marine  
  193  13:49  SCV x3  
  188  13:57  Marauder  
  188  13:58  Marauder  
  188  14:01  Marauder, Marine  
  188  14:02  Widow Mine x2, Marine  
  193  14:03  Marine x6  
  193  14:08  SCV x5  
  190  14:20  Thor  
  190  14:23  Widow Mine  
  164  14:27  SCV x4  
  164  14:29  SCV, Marauder, Marine  
  164  14:30  Marauder  
  170  14:33  Widow Mine  
  170  14:36  Marauder, Marine x2  
  176  14:39  SCV  
  176  14:40  Marine x4  
  176  14:44  Widow Mine  
  176  14:45  SCV, Marauder  
  185  14:46  SCV  
  183  14:54  Marine x3  
  183  14:58  Widow Mine  
  178  15:03  Widow Mine  
  178  15:05  Medivac x2, Marine  
  140  15:14  Widow Mine  
  140  15:18  Marine  
  140  15:19  Marauder x2, Marine x5, Widow Mine  
  140  15:20  SCV  
  155  15:24  Marine x2  
  160  15:29  Barracks Reactor  
  159  15:36  Marine  
  159  15:37  Marine x5, Thor  
  159  15:38  Widow Mine  
  159  15:40  Marine  
  168  15:44  Marauder, Marine  
  145  15:58  Marauder, Marine x3  
  145  15:59  Marine  
  145  16:02  Marine  
  145  16:03  Marine x2  
  146  16:06  Marauder  
  146  16:08  Marine  
  146  16:09  Marine  
  141  16:16  Marine  
  141  16:17  Widow Mine  
  141  16:18  Widow Mine  
  143  16:19  Marauder, Marine  
  143  16:20  Marine x3  
  143  16:21  Widow Mine, Marine  

Tags
 
Add a new tag
Caveats
  • Supply blocks, unpowered buildings, or Contaminate may cause inaccurate times.
  • Supply counts are checked every 10 seconds.